AoeStats
← Gim

Black Forest

503375187Analyzed
4v4 RM · 1mo ago on Aug 31, 2026· 49m 2s· 8 players
Game mode
Random Map
Map size
Large (8 player)
Population
200
Speed
Normal
Resources
Standard
Victory
Conquest
Starting age
Dark Age
Ending age
Imperial Age
RankedLock teamsTeams togetherTeam positionsShared explorationLock speedFull tech treeHidden civsTurbo modeCheats
Victory
Defeat
🇨🇳 Mongols · China
1196
+13
🇦🇷 Khmer · Argentina
1188
+13
🇨🇳 Turks · China
1127
+16
1117
+16
🇨🇳 Britons · China
1201
-18
🇨🇳 Franks · China
1198
-18
🇮🇳 Persians · India
1061
-12
🇹🇼 Lithuanians · Taiwan
1045
-11
墨者
1:24 Loom
12:16 Feudal Age
14:39 Double-Bit Axe
17:15 Castle Age
15:23 Fishing Lines
16:29 Horse Collar
19:11 Gillnets
26:56 Bow Saw
27:27 Wheelbarrow
27:27 Gold Mining
31:53 Imperial Age
29:52 Stone Mining
30:37 Gold Shaft Mining
30:47 Heavy Plow
31:24 Stone Shaft Mining
31:23 Ballistics
30:56 Fletching
31:07 Padded Archer Armor
31:57 Hand Cart
31:28 Town Watch
33:02 Parthian Tactics
33:03 Conscription
32:50 Elite Mangudai
33:37 Husbandry
33:48 Bloodlines
33:50 Thumb Ring
33:59 Bodkin Arrow
35:57 Squires
35:20 Light Cavalry
36:05 Bracer
36:21 Leather Archer Armor
36:11 Scale Barding Armor
37:11 Chemistry
36:22 Masonry
37:36 Coinage
37:20 Forging
38:56 Chain Barding Armor
39:13 Banking
39:49 Hussar
41:42 Iron Casting
41:06 Capped Ram
42:24 Onager
42:27 Siege Ram
43:46 Drill
46:18 Hoardings
45:09 Siege Onager
47:52 Siege Engineers
47:58 Fortified Wall
47:43 Murder Holes
布丁骰子
0:42 Loom
帅气的孔
1:12 Loom
13:07 Feudal Age
16:46 Castle Age
15:12 Double-Bit Axe
16:08 Horse Collar
19:39 Wheelbarrow
21:31 Gold Mining
21:33 Stone Mining
23:12 Forging
24:02 Scale Barding Armor
26:24 Gold Shaft Mining
26:04 Bow Saw
32:15 Imperial Age
31:07 Fletching
31:17 Padded Archer Armor
32:21 Bodkin Arrow
34:26 Heavy Plow
37:29 Light Cavalry
38:19 Bloodlines
38:51 Pikeman
40:17 Husbandry
41:35 Hand Cart
41:05 Town Watch
41:38 Leather Archer Armor
47:02 Bracer
47:39 Iron Casting
47:17 Elite Skirmisher
47:32 Capped Ram
浮槎万里获星河
0:31 Loom
13:40 Feudal Age
19:11 Castle Age
18:06 Double-Bit Axe
18:02 Horse Collar
20:51 Bow Saw
20:43 Heavy Plow
21:56 Wheelbarrow
23:14 Fishing Lines
25:10 Treadmill Crane
27:36 Gold Mining
27:38 Stone Mining
28:06 Hand Cart
27:37 Town Watch
28:33 Fortified Wall
29:00 Stone Shaft Mining
33:32 Imperial Age
31:02 Pikeman
31:43 Squires
31:51 Gillnets
33:39 Forging
33:45 Town Patrol
34:08 Bloodlines
34:02 Husbandry
34:00 Halberdier
35:17 Paper Money
35:43 Iron Casting
35:09 Scale Mail Armor
36:37 Chain Mail Armor
36:28 Scale Barding Armor
35:49 Light Cavalry
37:13 Elite Battle Elephant
39:04 Chemistry
37:43 Elite Rattan Archer
39:12 Thumb Ring
38:29 Crossbowman
39:07 Arbalester
40:31 Fletching
40:42 Padded Archer Armor
42:59 Bodkin Arrow
43:20 Leather Archer Armor
43:08 Caravan
43:30 Ballistics
44:24 Two-Man Saw
46:40 Plate Mail Armor
46:11 Bracer
49:58 Chain Barding Armor
50:09 Ring Archer Armor
kwik
4:50 Loom
Gim
10:07 Feudal Age
13:51 Castle Age
12:11 Double-Bit Axe
21:05 Horse Collar
22:54 Wheelbarrow
22:16 Loom
28:34 Imperial Age
26:28 Hand Cart
26:55 Fletching
27:30 Padded Archer Armor
28:03 Bow Saw
27:54 Heavy Plow
28:05 Gold Mining
28:12 Bodkin Arrow
28:39 Ballistics
29:26 Gold Shaft Mining
28:53 Town Watch
29:34 Leather Archer Armor
30:25 Chemistry
29:50 Yeomen
29:55 Bracer
30:18 Conscription
30:23 Elite Longbowman
30:55 Pikeman
32:03 Fortified Wall
32:59 Squires
32:31 Halberdier
33:56 Siege Engineers
35:33 Ring Archer Armor
35:17 Masonry
36:18 Warwolf
38:33 Architecture
38:54 Hoardings
39:28 Town Watch
43:25 Arson
43:42 Scale Mail Armor
43:53 Forging
44:59 Two-Man Saw
44:06 Caravan
46:09 Chain Mail Armor
cihuncihome
1:56 Loom
13:49 Feudal Age
19:42 Castle Age
19:05 Double-Bit Axe
22:04 Bow Saw
27:11 Fishing Lines
28:04 Gold Mining
29:30 Wheelbarrow
28:42 Town Watch
28:51 Stone Mining
29:39 Gillnets
30:54 Gold Shaft Mining
30:51 Hand Cart
34:30 Imperial Age
32:14 Forging
32:45 Caravan
34:08 Iron Casting
33:40 Scale Barding Armor
34:00 #83
34:22 Husbandry
36:16 Blast Furnace
35:39 Conscription
35:45 Conscription
34:47 Cavalier
34:50 Light Cavalry
36:10 Squires
35:31 Pikeman
36:59 Chain Barding Armor
37:13 Coinage
38:25 Scale Mail Armor
39:01 Plate Barding Armor
40:58 Ballistics
41:39 Chemistry
41:24 Banking
41:26 Halberdier
43:34 Elite Throwing Axeman
44:17 Chivalry
44:24 Town Patrol
a0973081361
0:38 Loom
13:16 Feudal Age
18:44 Castle Age
16:47 Double-Bit Axe
18:35 Fishing Lines
19:40 Bow Saw
24:36 Medium Warships
24:16 Pikeman
33:40 Wheelbarrow
37:39 Imperial Age
35:57 Caravan
37:01 Hand Cart
38:30 Forging
38:26 Scale Barding Armor
39:13 Conscription
39:33 Gold Mining
39:34 Stone Mining
39:42 Horse Collar
41:09 Two-Man Saw
41:46 Elite Leitis
44:59 Iron Casting
44:30 Scale Barding Armor
46:00 Heavy Warships
49:04 Ballistics
49:45 Chemistry
48:26 Treadmill Crane
49:02 Cavalier
49:52 Bloodlines
Connection lost

Rejoining the realm…

Still unreachable

The connection could not be restored.

Session expired

The server has moved on; the page needs a fresh start.